AoeStats
← SlowBoy

Marketplace

506542450Analyzed
1v1 RM · 18d ago on Sep 14, 2026· 23m 18s· 2 players
Game mode
Random Map
Map size
Tiny (2 player)
Population
200
Speed
Normal
Resources
Standard
Victory
Conquest
Starting age
Dark Age
Ending age
Imperial Age
RankedLock teamsTeams togetherTeam positionsShared explorationLock speedFull tech treeHidden civsTurbo modeCheats
Victory
Defeat
🇲🇽 Malians · Mexico
1608
+20
🇧🇷 Khmer · Brazil
1708
-20
SlowBoy
5:48 Loom
9:27 Feudal Age
9:58 Double-Bit Axe
10:08 Horse Collar
19:05 Castle Age
17:39 Gold Mining
18:49 Stone Mining
19:37 Bloodlines
21:33 Scale Barding Armor
22:36 Husbandry
22:48 Forging
Macielinho
9:58 Feudal Age
8:24 Loom
15:03 Castle Age
14:16 Double-Bit Axe
23:35 Scale Mail Armor
Connection lost

Rejoining the realm…

Still unreachable

The connection could not be restored.

Session expired

The server has moved on; the page needs a fresh start.